 Dungeon Crawl Stone Soup version 0.28.0-43-g3370ac3207 (webtiles) character file.

Game seed: 392849618853865199

2950 themarg the Zephyrmancer (level 9, -2/45 HPs)
             Began as a Tengu Air Elementalist on Mar 17, 2022.
             Was a Follower of Vehumet.
             Killed by their own static electricity (3 damage)
             ... on level 7 of the Dungeon.
             The game lasted 00:48:37 (7848 turns).

themarg the Zephyrmancer (Tengu Air Elementalist)   Turns: 7848, Time: 00:48:39

Health: -2/45      AC:  6    Str:  8    XL:     9   Next: 81%
Magic:  9/22       EV: 16    Int: 19    God:    Vehumet [*.....]
Gold:   358        SH:  0    Dex: 18    Spells: 12/24 levels left

rFire   . . .      SeeInvis +   m - +2 dagger (elec)
rCold   . . .      Faith    .   (no shield)
rNeg    . . .      Spirit   .   a - +1 robe
rPois   .          Reflect  .   (helmet restricted)
rElec   .          Harm     .   (no cloak)
rCorr   .          Rampage  .   y - +0 pair of gloves
Will    +....                   (boots unavailable)
Stlth   +++.......              o - amulet of magic regeneration
HPRegen 0.15/turn               b - ring of willpower
MPRegen 0.58/turn               j - ring of see invisible

@: flying quickly and evasively, quick
A: beak, talons 3, nimble flight, iridescent scales 1, agile 1
a: Renounce Religion


You were on level 7 of the Dungeon.
You worshipped Vehumet.
Vehumet was aware of your devotion.
You visited 2 branches of the dungeon, and saw 8 of its levels.
You also visited: Bailey.

You collected 427 gold pieces.
You spent 69 gold pieces at shops.

Inventory:

Hand Weapons
 m - a +2 dagger of electrocution (weapon)
Missiles
 n - 5 poisoned darts
Armour
 a - a +1 robe (worn)
 y - a +0 pair of gloves (worn)
Jewellery
 b - a ring of willpower (left hand)
 j - a ring of see invisible (right hand)
 o - an amulet of magic regeneration (around neck)
 q - a ring of willpower
Wands
 A - a wand of paralysis (8)
Scrolls
 c - a scroll of magic mapping {unknown}
 g - 2 scrolls of teleportation
 i - a scroll of enchant armour
 k - 2 scrolls of fear {unknown}
 p - a scroll of silence
 r - a scroll of amnesia {unknown}
 v - a scroll of blinking {unknown}
 w - a scroll of vulnerability {unknown}
 x - a scroll of torment {unknown}
Potions
 e - 4 potions of brilliance
 l - a potion of might


   Skills:
 + Level 0.2 Fighting
 + Level 3.6 Dodging
 + Level 4.0 Stealth
 + Level 8.0 Spellcasting
 + Level 8.3 Conjurations
 + Level 9.7 Air Magic


You had 12 spell levels left.
You knew the following spells:

 Your Spells              Type           Power      Damage    Failure   Level
a - Shock                 Conj/Air       100%       1d9       1%          1
b - Static Discharge      Conj/Air       42%        N/A       1%          2
c - Swiftness             Air            44%        N/A       1%          3
d - Searing Ray           Conj           78%        2d7       1%          2
e - Airstrike             Air            22%        N/A       1%          4

Your spell library contained the following spells:

 Spells                   Type           Power      Damage    Failure   Level
 Sandblast                Erth           14%        2d6       9%          1
 Magic Dart               Conj           100%       1d8       1%          1
 Slow                     Hex            28%        N/A       9%          1
 Blink                    Tloc           14%        N/A       14%         2
 Ensorcelled Hibernation  Hex/Ice        14%        N/A       14%         2
 Fulminant Prism          Conj/Hex       11%        3d9       16%         4
 Sticky Flame             Conj/Fire      23%        2d4       16%         4
 Lesser Beckoning         Tloc           7%         N/A       26%         3
 Spider Form              Tmut/Pois      7%         N/A       26%         3
 Anguish                  Hex/Necr       3%         N/A       65%         4
 Dispel Undead            Necr           7%         3d8       65%         4
 Manifold Assault         Tloc           7%         N/A       94%         5
 Summon Forest            Summ/Tloc      3%         N/A       94%         5
 Eringya's Noxious Bog    Tmut/Pois      3%         N/A       100%        6
 Summon Hydra             Summ           3%         N/A       100%        7


Dungeon Overview and Level Annotations

Branches:
Dungeon (7/15)             Temple (1/1) D:5          Bailey (visited)

Altars:
Ashenzari
Cheibriados
Elyvilon
Fedhas
Gozag
Hepliaklqana
Kikubaaqudgha
Makhleb
Nemelex Xobeh
Okawaru
Qazlal
Ru
Sif Muna
Trog
Uskayaw
Vehumet
Wu Jian
Xom
Yredelemnul
Zin
The Shining One

Shops:
D:3 *

Annotations:
D:2 Sigmund, Terence
D:7 Maggie


Innate Abilities, Weirdness & Mutations

You have a beak for a mouth.
You have claws for feet.
Your magical nature lets you fly swiftly and evasively.
You are partially covered in iridescent scales. (AC +2)
You are agile. (Dex +2)


Message History

The searing ray hits the two-headed ogre.
The two-headed ogre is moderately wounded.
You finish channelling your searing ray.
The two-headed ogre barely misses you.
The two-headed ogre completely misses you.
Found a shiny ivory wand and a wand of paralysis (8).
You see here a scroll labelled ZAYNUOTHR OZXA.
Casting: Searing Ray (safe; 1% risk of failure)
Confirm with . or Enter, or press ? or * to list all spells.
Aiming: Airstrike (dangerous; 1% risk of failure)
Press: ? - help, Dir - move target, f/p - two-headed ogre
Aim: a two-headed ogre, wielding two +0 giant spiked clubs (lightly wounded, empty space bonus: 8/8)
The air twists around and strikes the two-headed ogre!
The two-headed ogre is heavily wounded.
Casting: Airstrike (dangerous; 1% risk of failure)
Confirm with . or Enter, or press ? or * to list all spells.
Aiming: Airstrike (dangerous; 1% risk of failure)
Press: ? - help, Dir - move target, f/p - two-headed ogre
Aim: a two-headed ogre, wielding two +0 giant spiked clubs (heavily wounded, empty space bonus: 7/8)
The air twists around and strikes the two-headed ogre!!
The two-headed ogre is severely wounded.
The two-headed ogre hits you with a +0 giant spiked club!
The two-headed ogre closely misses you.
Casting: Airstrike (dangerous; 1% risk of failure)
Confirm with . or Enter, or press ? or * to list all spells.
Aiming: Airstrike (dangerous; 1% risk of failure)
Press: ? - help, Dir - move target, f/p - two-headed ogre
Aim: a two-headed ogre, wielding two +0 giant spiked clubs (severely wounded, empty space bonus: 7/8)
The air twists around and strikes the two-headed ogre!
The two-headed ogre is almost dead.
The two-headed ogre hits you with a +0 giant spiked club! x2
* * * LOW HITPOINT WARNING * * *
Okay, then.
Casting: Airstrike (dangerous; 1% risk of failure)
Confirm with . or Enter, or press ? or * to list all spells.
The two-headed ogre is struck by an arc of lightning!
You kill the two-headed ogre!
Vehumet accepts your kill.
You are struck by an arc of lightning.
You die...

###########).#......
#............# #
#.##.##.#..####>.# #
##.##.#........#
#.#..##.#.<.....##
###.#.###.#########
..........# #######
##.##.##### #.....#
... #.# ####.?)@.#
....#)# #........#
$:..#)####.##./...#
#..........##../..#
[..#..)....########
## #.≈≈[≈≈.####
##.≈)).≈....#
#..≈>∩)≈.##.#
.....≈.).≈.# #


There were no monsters in sight!

Vanquished Creatures
  A two-headed ogre (D:7)
  An orc knight (Bailey)
  A deep elf zephyrmancer (Bailey)
  Grinder (D:4)
  6 orc warriors (Bailey)
  2 ice beasts (D:5)
  2 necrophages (D:6)
  A hornet zombie (D:5)
  A black bear (D:6)
  An ogre (D:5)
  A phantom (D:6)
  Blork the orc (D:5)
  A bullfrog (D:6)
  A hound (D:5)
  2 jellies
  An orc priest (D:4)
  3 iguanas
  2 orc wizards
  Natasha (thrice) (D:4)
  2 killer bee zombies
  4 adders
  A worm (D:4)
  3 dart slugs
  16 orcs
  4 endoplasms
  3 giant cockroaches (D:2)
  7 hobgoblins
  4 quokkas
  8 ball pythons
  4 bats
  2 frilled lizards
  8 goblins
  3 kobolds
  4 rats
105 creatures vanquished.

Notes
Turn   | Place    | Note
-------+----------+-------------------------------------------
     0 | D:1      | themarg the Tengu Air Elementalist began the quest for the
                  | Orb.
     0 | D:1      | Reached XP level 1. HP: 10/10 MP: 4/4
   360 | D:1      | Reached XP level 2. HP: 15/15 MP: 4/6
   392 | D:1      | Learned a level 2 spell: Static Discharge
   744 | D:1      | Found a faded altar of an unknown god.
   754 | D:1      | Got Plato's Almanac of Malediction
  1230 | D:2      | Noticed Sigmund
  1371 | D:2      | Reached XP level 3. HP: 19/19 MP: 4/7
  2012 | D:2      | Noticed Terence
  2140 | D:2      | Learned a level 3 spell: Swiftness
  2826 | D:3      | Reached skill level 5 in Air Magic
  3016 | D:3      | Reached XP level 4. HP: 24/24 MP: 4/8
  3551 | D:3      | Found Liuristi's Assorted Antiques.
  3619 | D:4      | Noticed Grinder
  3676 | D:4      | Learned a level 2 spell: Searing Ray
  3727 | D:4      | Noticed Natasha
  3734 | D:4      | Killed Natasha
  3793 | D:4      | Gained mutation: Your magical nature lets you fly swiftly
                  | and evasively. [Tengu growth]
  3793 | D:4      | Reached XP level 5. HP: 28/28 MP: 6/10
  3889 | D:4      | Noticed Natasha
  3893 | D:4      | Killed Natasha
  4074 | D:4      | Reached XP level 6. HP: 17/32 MP: 3/12
  4563 | D:4      | Killed Grinder
  4564 | D:4      | Reached skill level 6 in Air Magic
  4564 | D:4      | Reached XP level 7. HP: 20/36 MP: 3/14
  4714 | D:4      | Noticed Natasha
  4718 | D:4      | Killed Natasha
  4765 | D:5      | Entered Level 5 of the Dungeon
  4786 | D:5      | Noticed Blork the orc
  4902 | D:5      | Reached skill level 5 in Conjurations
  4936 | D:5      | Found a staircase to the Ecumenical Temple.
  4994 | Temple   | Entered the Ecumenical Temple
  5052 | Temple   | Became a worshipper of Vehumet
  5450 | D:5      | Killed Blork the orc
  5451 | D:5      | Reached skill level 7 in Air Magic
  5568 | D:5      | Reached skill level 5 in Spellcasting
  5841 | D:5      | Reached XP level 8. HP: 41/41 MP: 9/16
  6273 | D:3      | Bought a potion of curing for 69 gold pieces
  6707 | D:6      | Reached skill level 8 in Air Magic
  7078 | D:7      | Noticed Maggie
  7197 | D:7      | Found a flagged portal.
  7209 | D:7      | Noticed a two-headed ogre
  7213 | Bailey   | Entered a bailey
  7287 | Bailey   | Reached XP level 9. HP: 45/45 MP: 3/19
  7388 | Bailey   | Reached * piety under Vehumet
  7388 | Bailey   | Offered knowledge of Sandblast by Vehumet.
  7502 | Bailey   | Learned a level 4 spell: Airstrike
  7514 | Bailey   | Found a large runed translucent door.
  7514 | Bailey   | Found a large runed translucent door.
  7516 | Bailey   | Noticed an orc knight
  7516 | Bailey   | Noticed a deep elf zephyrmancer
  7606 | Bailey   | Killed an orc knight
  7607 | Bailey   | Reached skill level 9 in Air Magic
  7685 | Bailey   | Gained mutation: You are partially covered in iridescent
                  | scales. (AC +2) [potion of mutation]
  7685 | Bailey   | Gained mutation: You are agile. (Dex +2) [potion of
                  | mutation]
  7693 | Bailey   | Killed a deep elf zephyrmancer
  7772 | Bailey   | Identified the +2 pair of boots of Vihier {rN+++ Will+
                  | Str-5 Dex+5}
  7847 | D:7      | HP: 1/45 [two-headed ogre/+0 giant spiked club (13)]
  7848 | D:7      | Killed a two-headed ogre
  7848 | D:7      | Killed from afar by themself

Illustrated notes

Levels and vault maps discovered:
D:1:      ncdulo_wetmaze, layout_loops_corners,
          shapermc_ecumenical_altar_rom_forum, glass_columns_b,
          minmay_tetromino_l4
D:2:      layout_basic, minmay_statues_item, st_stairs_13, kennysheep_boxes,
          uniq_terence, uniq_sigmund
D:3:      layout_basic, serial_shops, nicolae_shop_crystal,
          minmay_misc_feat_diagonals
D:4:      cheibrodos_pilgrimage, layout_cave_pods, uniq_grinder, uniq_natasha
D:5:      layout_gridville, minmay_temple_entry_arrows, chequers_avenue,
          uniq_blork_the_orc
D:6:      layout_basic
D:7:      layout_loops_cross, enter_bailey_5, uniq_maggie
Temple:   minmay_crystal_snake_temple

Skill      XL: |  1  2  3  4  5  6  7  8  9 |
---------------+----------------------------+-----
Conjurations   | 2 3 4 5 7 8 |  8.3
Air Magic      | 5 6 7 8 9 |  9.7
Spellcasting   | 3 4 5 6 8 |  8.0
Stealth        | 3 4 |  4.0
Dodging        | 3 |  3.6
Fighting       | |  0.2

Action                   |  1- 3 |  4- 6 |  7- 9 || total
-------------------------+-------+-------+-------++-------
Melee: Dagger            |    17 |     3 |       ||    20
       Kick              |     5 |     1 |       ||     6
       Peck              |     3 |       |       ||     3
       Punch             |     1 |       |       ||     1
 Cast: Shock             |    85 |    39 |    55 ||   179
       Swiftness         |     2 |       |       ||     2
       Static Discharge  |     1 |     9 |    15 ||    25
       Searing Ray       |       |     7 |    40 ||    47
       Airstrike         |       |       |    13 ||    13
  Use: Scroll            |       |       |     7 ||     7
       Potion            |       |       |     4 ||     4
Armor: Robe              |     3 |       |     4 ||     7
Dodge: Dodged            |    16 |     9 |    24 ||    49
